 Dungeon Crawl Stone Soup version 0.28-a0-662-g1651b1f1e0 (webtiles) character file.

Game seed: 15257346361669721891

283 mordus the Shield-Bearer (level 6, 0/47 HPs)
             Began as a Formicid Fighter on Oct 14, 2021.
             Was an Initiate of the Shining One.
             Slain by Blork the orc (3 damage)
             ... on level 4 of the Dungeon.
             The game lasted 00:06:30 (3651 turns).

mordus the Shield-Bearer (Formicid Fighter)         Turns: 3651, Time: 00:06:31

Health: 0/47       AC:  8    Str: 23    XL:     6   Next: 54%
Magic:  6/6        EV:  9    Int:  7    God:    the Shining One [......]
Gold:   141        SH:  5    Dex: 10    Spells: 5/5 levels left

rFire   . . .      SeeInvis +   a - +0 flail
rCold   . . .      Faith    .   c - +0 buckler
rNeg    . . .      Spirit   .   b - +0 scale mail
rPois   .          Reflect  .   (helmet unavailable)
rElec   .          Harm     .   (no cloak)
rCorr   .          Rampage  .   (no gloves)
Will    .....                   k - +0 pair of boots
Stlth   ..........              (no amulet)
HPRegen 0.15/turn               f - +4 ring of slaying
MPRegen 0.10/turn               (no ring)

@: glowing
A: permanent stasis, dig shafts and tunnels, antennae 3, four strong arms
a: Dig, Shaft Self, Renounce Religion


You were on level 4 of the Dungeon.
You worshipped the Shining One.
The Shining One was noncommittal.
You visited 2 branches of the dungeon, and saw 5 of its levels.

You collected 141 gold pieces.

Inventory:

Hand Weapons
 a - a +0 flail (weapon)
Armour
 b - a +0 scale mail (worn)
 c - a +0 buckler (worn)
 k - a +0 pair of boots (worn)
Jewellery
 f - a +4 ring of slaying (left hand)
 i - an amulet of magic regeneration
Scrolls
 h - a scroll of summoning {unknown}
 m - a scroll of vulnerability {unknown}
 n - a scroll of enchant weapon {unknown}
Potions
 d - a potion of might
 e - a potion of ambrosia {unknown}
 g - 2 potions of flight {unknown}
 j - a potion of invisibility {unknown}
 l - 2 potions of curing {unknown}


   Skills:
 - Level 3.2 Fighting
 * Level 4.6 Maces & Flails
 + Level 4.7 Armour
 + Level 5.1 Shields
 + Level 0.3 Invocations


You had 5 spell levels left.
You didn't know any spells.
Your spell library contained the following spells:

 Spells                   Type           Power      Damage    Failure   Level
 Summon Small Mammal      Summ           0%         N/A       75%         1
 Call Canine Familiar     Summ           0%         N/A       98%         3
 Lesser Beckoning         Tloc           0%         N/A       98%         3
 Summon Guardian Golem    Hex/Summ       0%         N/A       98%         3
 Manifold Assault         Tloc           0%         N/A       100%        5
 Blink                    Tloc           Unusable   N/A       N/A         2

Dungeon Overview and Level Annotations

Branches:
Dungeon (4/15)             Temple (1/1) D:4

Altars:
Cheibriados
Dithmenos
Gozag
Kikubaaqudgha
Qazlal
Sif Muna
Uskayaw
Yredelemnul
The Shining One

Annotations:
D:4 Blork the orc


Innate Abilities, Weirdness & Mutations

You cannot be hasted, slowed, berserked, paralysed or teleported.
You can dig through walls and to a lower floor.
You have a pair of large antennae on your head. (SInv)
Your four strong arms can wield two-handed weapons with a shield.


Message History

You sock the kobold!
You kill the kobold!
Blork the orc points at you and mumbles some strange words.
The puff of flame hits you.
* * * LOW HITPOINT WARNING * * *
You hit the iguana.
The iguana is moderately wounded.
The iguana barely misses you.
You sock the iguana!
The iguana is almost dead.
You block the iguana's attack.
You hit the iguana but do no damage.
The iguana is almost dead.
You block the iguana's attack.
You hit the iguana but do no damage.
The iguana is almost dead.
The iguana bites you but does no damage.
The iguana misses you.
You sock the iguana!
You kill the iguana!
Blork the orc casts a spell at you. The magic dart hits you.
* * * LOW HITPOINT WARNING * * *
You hit Blork the orc.
Blork the orc is lightly wounded.
You block Blork the orc's attack.
You barely miss Blork the orc.
Blork the orc is lightly wounded.
Blork the orc hits you with a +0 flail!
* * * LOW HITPOINT WARNING * * *
Blork the orc barely misses you.
You sock Blork the orc!
Blork the orc is moderately wounded.
Blork the orc casts a cantrip, but nothing happens.
Blork the orc gestures at you while chanting.
The magic dart hits you but does no damage.
You barely miss Blork the orc.
Blork the orc is moderately wounded.
You block Blork the orc's attack. Blork the orc hits you with a +0 flail.
You die...

##### #..... #......
.......
##################......$
........[.......@oh......
##########.>######.......
#### ....... #......
#..... #.### .# #


You could see Blork the orc (fast) and a black bear.

Vanquished Creatures
  A jelly (D:3)
  3 orc priests
  An iguana (D:4)
  2 orc wizards (D:3)
  3 adders
  2 worms
  A dart slug (D:2)
  6 orcs
  4 bats
  5 endoplasms
  3 giant cockroaches (D:1)
  3 goblins
  3 hobgoblins
  2 quokkas (D:2)
  7 ball pythons
  5 kobolds
  10 rats
61 creatures vanquished.

Notes
Turn   | Place    | Note
-------+----------+-------------------------------------------
     0 | D:1      | mordus the Formicid Fighter began the quest for the Orb.
     0 | D:1      | Reached XP level 1. HP: 18/18 MP: 1/1
   121 | D:1      | Found a faded altar of an unknown god.
   246 | D:1      | Reached XP level 2. HP: 24/24 MP: 2/2
  1207 | D:2      | Reached skill level 4 in Shields
  1207 | D:2      | Reached XP level 3. HP: 28/29 MP: 3/3
  1591 | D:2      | Reached XP level 4. HP: 21/35 MP: 4/4
  2338 | D:3      | Reached XP level 5. HP: 35/41 MP: 5/5
  2913 | D:3      | Reached XP level 6. HP: 24/47 MP: 6/6
  3254 | D:3      | Reached skill level 5 in Shields
  3606 | D:4      | Found a staircase to the Ecumenical Temple.
  3618 | Temple   | Entered the Ecumenical Temple
  3623 | Temple   | Became a worshipper of the Shining One
  3632 | D:4      | Noticed a black bear
  3636 | D:4      | Noticed Blork the orc
  3651 | D:4      | Slain by Blork the orc

Illustrated notes

Levels and vault maps discovered:
D:1:      dpeg_arrival_connections, layout_basic, ebering_ecumenical_altar_box,
          minmay_tiny_reverse_x
D:2:      layout_loops_ring
D:3:      layout_loops_cross, st_stairs_8, grunt_decor_cap
D:4:      layout_rooms, minmay_temple_entry_proselytizer,
          minmay_misc_feat_pillars, uniq_blork_the_orc, uniq_duvessa
Temple:   compressed_dpeg_triangle_lava_temple

Skill      XL: |  1  2  3  4  5  6 |
---------------+-------------------+-----
Shields        | 4 5 |  5.1
Maces & Flails | 3 4 |  4.6
Armour         | 4 |  4.7
Fighting       | |  3.2
Invocations    | |  0.3

Action                   |  1- 3 |  4- 6 || total
-------------------------+-------+-------++-------
Melee: Flail             |    82 |   102 ||   184
Armor: Scale mail        |    28 |    37 ||    65
Dodge: Dodged            |    37 |    53 ||    90
Block: Buckler           |    21 |    36 ||    57

Table legend: (Time is in decaauts)
 A = Elapsed time spent in this place.
 B = Non-inter-level travel time spent in this place.
 C = Inter-level travel time spent in this place.
 D = Time resting spent in this place.
 E = Time spent auto-exploring this place.
 F = Levels seen in this place.
 G = Mean time per level.
                   A        B        C        D        E       F      G
               +--------+--------+--------+--------+--------+-----+--------+
         Total |   3696 |   3621 |     75 |    977 |   2063 |   5 |  739.2 |
       Dungeon |   3685 |   3610 |     75 |    977 |   2063 |   4 |  921.2 |
        Temple |     10 |     10 |      0 |      0 |      0 |   1 |   10.0 |
               +--------+--------+--------+--------+--------+-----+--------+

Top non-repeatable levels by time:
     D:3: 1282 daAuts
     D:2: 1182 daAuts
     D:1: 1162 daAuts
     D:4: 59 daAuts
  Temple: 10 daAuts
